 Dungeon Crawl Stone Soup version 0.30-a0-371-gad7725a93e (webtiles) character file.

Game seed: 4543440571410051742

237 Muataran the Ruffian (level 5, -1/54 HPs)
             Began as a Troll Monk on Nov 20, 2022.
             Shot with an arrow by a centaur (12 damage)
             ... on level 5 of the Dungeon.
             The game lasted 00:02:34 (1013 turns).

Muataran the Ruffian (Troll Monk)                   Turns: 1013, Time: 00:02:35

Health: -1/54      AC:  4    Str: 22    XL:     5   Next: 77%
Magic:  4/4        EV: 10    Int:  8    God:
Gold:   112        SH:  0    Dex: 12    Spells: 4/4 levels left

rFire   . . .      SeeInvis .    n - +8 hammer of the Mouth {freeze, rPois Str+3}
rCold   . . .      Faith    .    (no shield)
rNeg    . . .      Spirit   .    a - +0 robe
rPois   +          Reflect  .    (helmet restricted)
rElec   .          Harm     .    (no cloak)
rCorr   .          Rampage  .    (gloves unavailable)
Will    .....                    (boots unavailable)
Stlth   ++........               (no amulet)
HPRegen 1.09/turn                (no ring)
MPRegen 0.09/turn                (no ring)

@: no status effects
A: large, unfitting armour, claws 3, regeneration 1, shaggy fur 1, tough skin 1
a: no special abilities


You were on level 5 of the Dungeon.
You visited 1 branch of the dungeon, and saw 4 of its levels.

You collected 112 gold pieces.

Inventory:

Hand Weapons
 n - the +8 hammer of the Mouth (weapon) {freeze, rPois Str+3}
   (You found it on level 3 of the Dungeon)

   It freezes those it strikes, dealing additional cold damage.
   It can also slow down cold-blooded creatures.
   Str:       It affects your strength (+3).
   rPois:     It protects you from poison.
Armour
 a - a +0 robe (worn)
Jewellery
 k - a ring of resist corrosion
Scrolls
 d - a scroll of teleportation
Potions
 b - a potion of ambrosia
 e - a potion of brilliance
 f - a potion of mutation {unknown}
 g - a potion of might {unknown}
 i - a potion of magic {unknown}
 l - a potion of berserk rage {unknown}
 m - a potion of cancellation {unknown}


   Skills:
 + Level 3.6 Fighting
 - Level 2.4 Dodging
 - Level 1.0 Stealth
 * Level 5.6 Unarmed Combat


You had 4 spell levels left.
You didn't know any spells.
Your spell library contained the following spells:

 Spells                   Type           Power      Damage    Failure   Level
 Ensorcelled Hibernation  Hex/Ice        0%         N/A       54%         2
 Spider Form              Tmut/Pois      0%         N/A       78%         3
 Stone Arrow              Conj/Erth      0%         3d7       78%         3
 Anguish                  Hex/Necr       0%         N/A       99%         4
 Animate Armour           Summ/Erth      0%         N/A       99%         4
 Lehudib's Crystal Spear  Conj/Erth      0%         10d2      100%        8


Dungeon Overview and Level Annotations

Branches:
Dungeon (5/15)
 Temple: D:4-7

Altars:

Annotations:
D:3 1 runed translucent door, Crazy Yiuf


Innate Abilities, Weirdness & Mutations

You are too large for most types of armour.
You have claws for hands.
Your natural rate of healing is unusually fast.
You are covered in fur. (AC +1)
You have tough skin. (AC +1)


Message History

You hear the slow rusting of a drain nearby.
HP restored.
A bat comes into view.
The bat misses you. The bat hits you.
You miss the bat. The bat hits you but does no damage.
The bat completely misses you. The bat barely misses you. x2
You miss the bat. The bat barely misses you.
The bat hits you but does no damage.
You miss the bat. The bat hits you but does no damage.
An orc comes into view. It is wielding a +0 club.
The orc shouts!
The bat barely misses you.
A centaur comes into view.
The centaur shouts!
The bat barely misses you.
The centaur wields a +0 shortbow.
The centaur shoots an arrow.
The arrow misses you. The bat closely misses you.
The centaur shoots an arrow.
The arrow hits you.
A quokka comes into view.
Found a scroll labelled MARIFEC MAELEU.
The centaur shoots an arrow.
The arrow barely misses you.
The centaur shoots an arrow.
The arrow hits you! The bat hits you. The orc barely misses you.
You sock the orc! You freeze the orc.
You kill the orc!
The bat hits you but does no damage. x2; The centaur shoots an arrow.
The arrow hits you!
You are too injured to fight recklessly!
You are too injured to fight recklessly!
You are too injured to fight recklessly!
Unknown command.
The centaur shoots an arrow.
The arrow hits you. The bat hits you but does no damage.
The centaur shoots an arrow.
The arrow closely misses you. The bat hits you but does no damage.
The centaur shoots an arrow.
The arrow hits you!
* * * LOW HITPOINT WARNING * * *
The bat hits you but does no damage.
The centaur shoots an arrow.
The arrow hits you.
* * * LOW HITPOINT WARNING * * *
The quokka closely misses you.
The centaur shoots an arrow.
The arrow hits you!
You die...

.....##.....~
............# ~~
............##≈~
...............
.....c.......#
............#
#.........# ...
.#....@.b..# ..
.......r....## ..#
..#..........####.## ##
....#...).....##...# .#
.#. ##....#....#.#.# #..
#......#######.....##...
. ..... ####.##..#...
...?## #....#.......
.... #......#.....


You could see a centaur, a quokka and a bat.

Vanquished Creatures
  A water moccasin (D:5)
  A howler monkey (D:5)
  An orc priest (D:3)
  An iguana (D:5)
  A dart slug (D:2)
  4 orcs
  3 bats
  2 endoplasms
  A giant cockroach (D:2)
  3 goblins
  A hobgoblin (D:3)
  2 jackals (D:2)
  2 quokkas
  2 ball pythons (D:1)
  2 frilled lizards
  3 kobolds
  2 rats
32 creatures vanquished.

Notes
Turn   | Place    | Note
-------+----------+-------------------------------------------
     0 | D:1      | Muataran the Troll Monk began the quest for the Orb.
     0 | D:1      | Reached XP level 1. HP: 22/22 MP: 0/0
   347 | D:1      | Reached XP level 2. HP: 29/29 MP: 1/1
   774 | D:3      | Reached skill level 4 in Unarmed Combat
   774 | D:3      | Reached XP level 3. HP: 34/36 MP: 2/2
   902 | D:3      | Found a runed translucent door.
   903 | D:3      | Noticed Crazy Yiuf
   904 | D:3      | Identified the +8 hammer of the Mouth {freeze, rPois Str+3}
   941 | D:3      | You fall into a shaft and drop 2 floors!
   941 | D:5      | Entered Level 5 of the Dungeon
   951 | D:5      | Noticed a water moccasin
   952 | D:5      | Reached XP level 4. HP: 41/45 MP: 3/3
   964 | D:5      | Killed a water moccasin
   965 | D:5      | Reached skill level 5 in Unarmed Combat
   965 | D:5      | Reached XP level 5. HP: 36/53 MP: 4/4
  1007 | D:5      | Noticed a centaur
  1013 | D:5      | Shot with an arrow by a centaur

Illustrated notes

Levels and vault maps discovered:
D:1:      dpeg_arrival_fog, layout_loops_cross
D:2:      layout_basic, hex_tiny
D:3:      layout_basic, uniq_crazy_yiuf_cottage, uniq_jessica
D:5:      layout_cave_pools, nemelex_diamond_rough_becter, marbit_many_paths,
          cheibrodos_sewer_entry_sluice

Skill      XL: |  1  2  3  4 |
---------------+-------------+-----
Unarmed Combat | 4 5 |  5.6
Fighting       | 3 |  3.6
Dodging        | |  2.4
Stealth        | |  1.0

Action                   |  1- 3 |  4- 6 || total
-------------------------+-------+-------++-------
Melee: Unarmed           |    62 |       ||    62
       Mace              |     4 |    13 ||    17
       Punch             |     1 |     1 ||     2
  Use: Scroll            |     4 |       ||     4
 Stab: Sleeping          |     1 |       ||     1
Armor: Robe              |    12 |     9 ||    21
Dodge: Dodged            |    35 |    18 ||    53

Table legend: (Time is in decaauts)
 A = Elapsed time spent in this place.
 B = Non-inter-level travel time spent in this place.
 C = Inter-level travel time spent in this place.
 D = Time resting spent in this place.
 E = Time spent auto-exploring this place.
 F = Levels seen in this place.
 G = Mean time per level.
                   A        B        C        D        E       F      G
               +--------+--------+--------+--------+--------+-----+--------+
         Total |   1014 |    968 |     46 |      2 |    730 |   4 |  253.5 |
       Dungeon |   1014 |    968 |     46 |      2 |    730 |   4 |  253.5 |
               +--------+--------+--------+--------+--------+-----+--------+

Top non-repeatable levels by time:
     D:1: 521 daAuts
     D:2: 244 daAuts
     D:3: 169 daAuts
     D:5: 78 daAuts
